 Dungeon Crawl Stone Soup version 0.25-a0-1119-g28b6fd0c3b (webtiles) character file.

Game seed: 11600394063311882262, levelgen mode: deterministic

928 MisterFreud the Ducker (level 8, -1/54 HPs)
             Began as an Octopode Gladiator on May 18, 2020.
             Slain by a sky beast (6 damage)
             ... on level 5 of the Dungeon.
             The game lasted 00:10:20 (5355 turns).

MisterFreud the Ducker (Octopode Gladiator)         Turns: 5355, Time: 00:10:21

Health: -1/54      AC:  1    Str: 13    XL:     8   Next: 11%
Magic:  17/17      EV: 17    Int: 13    God:
Gold:   203        SH:  0    Dex: 13    Spells: 7/7 levels left

rFire    . . .     SeeInvis .   a - +0 long sword
rCold    . . .     Gourm    .   (no shield)
rNeg     . . .     Faith    .   b - +0 hat
rPois    .         Spirit   .   w - amulet of regeneration
rElec    .         Reflect  .   t - ring of magical power
rCorr    .         Harm     .   (no ring)
MR       .....                  (no ring)
Stlth    ++........             (no ring)
HPRegen  0.58/turn              (no ring)
MPRegen  0.15/turn              (no ring)
                                (no ring)
                                (no ring)

@: no status effects
A: almost no armour, stealthy swim, amphibious, 8 rings, constrict 8, camouflage
1, gelatinous body 1
a: no special abilities


You were on level 5 of the Dungeon.
You were not hungry.

You visited 2 branches of the dungeon, and saw 6 of its levels.

You collected 203 gold pieces.

Inventory:

Hand Weapons
 a - a +0 long sword (weapon)
Missiles
 c - 3 throwing nets
 g - 18 sling bullets
 h - 39 poisoned darts (quivered)
 i - 95 stones
 n - 8 datura-tipped darts
 q - 34 arrows
 u - 3 boomerangs
Armour
 b - a +0 hat (worn)
Jewellery
 o - an uncursed amulet of faith
 t - a ring of magical power (left tentacle)
 w - an amulet of regeneration (around mantle)
Wands
 y - a wand of polymorph (5)
Scrolls
 e - a scroll of fog {unknown}
 j - a scroll of enchant armour {unknown}
 k - a scroll of remove curse {unknown}
 m - 3 scrolls of identify {unknown}
 s - a scroll of enchant weapon {unknown}
 x - a scroll of magic mapping {unknown}
 D - a scroll of noise {unknown}
 E - a scroll of amnesia {unknown}
 F - a scroll of teleportation {unknown}
Potions
 f - a potion of mutation {unknown}
 l - a potion of cancellation {unknown}
 p - 5 potions of degeneration {unknown}
 r - a potion of haste {unknown}
 v - a potion of flight {unknown}
 z - a potion of curing {unknown}
 A - a potion of might
 B - a potion of magic {unknown}
 C - 2 potions of brilliance {unknown}
Comestibles
 d - 9 rations


   Skills:
 - Level 4.0 Fighting
 - Level 6.0 Long Blades
 - Level 2.0 Throwing
 + Level 7.1 Dodging


You had 7 spell levels left.
You didn't know any spells.
Your spell library contained the following spells:

 Spells                   Type           Power        Failure   Level  Hunger
 Magic Dart               Conj           #...         30%         1    ##.....
 Ensorcelled Hibernation  Hex/Ice        #.....       43%         2    ###....
 Conjure Flame            Conj/Fire      #.......     67%         3    ####...
 Stone Arrow              Conj/Erth      #.....       67%         3    ####...
 Iron Shot                Conj/Erth      #.........   100%        6    #######


Dungeon Overview and Level Annotations

Branches:
Dungeon (5/15)             Temple (1/1) D:5

Altars:
Ashenzari
Elyvilon
Fedhas
Hepliaklqana
Kikubaaqudgha
Okawaru
Qazlal
Ru
Sif Muna
Trog
Uskayaw
Xom
Yredelemnul
Zin
The Shining One

Annotations:
D:4 2 transporters, tilp's ghost, amateur KoAM


Innate Abilities, Weirdness & Mutations

You cannot wear most types of armour.
You are very stealthy in the water. (Stealth+)
You are amphibious.
You can wear up to eight rings at the same time.
You can use your tentacles to constrict eight enemies at once.
Your skin changes colour to match your surroundings (Stealth+).
Your rubbery body absorbs attacks. (AC +1, EV +1)


Message History

Found a pair of gloves.
A sky beast comes into view.
The sky beast flickers out of sight!
Deactivating autopickup; reactivate with Ctrl-A.
Something closely misses you. Something hits you. Something shocks you.
You barely miss something. Your squeeze misses something.
Something barely misses you.
You slash something! Something hits you. Something shocks you.
Something hits you. Something shocks you.
You closely miss something. Something hits you. Something shocks you.
You hit something. Something hits you. Something shocks you.
You closely miss something. Something hits you.
* * * LOW HITPOINT WARNING * * *
Something shocks you.
* * * LOW HITPOINT WARNING * * *
You hit something but do no damage. You squeeze something! Something hits you.
* * * LOW HITPOINT WARNING * * *
Something shocks you.
You die...

#.#####........##.#
..................#
.#......<.........#
###..............## #
#............#.#
#........[..#..#
#..............# ###
#.........##..#####....
#.......######@#.......
#......## ###{........
#.....## #...........
#.............
#..............
................
..##########.... . ....
...


There were no monsters in sight!

Vanquished Creatures
  Sigmund (D:4)
  Eustachio (D:5)
  Edmund (D:4)
  A scorpion (D:5)
  An orc priest (D:4)
  An iguana (D:4)
  4 orc wizards
  Natasha (thrice) (D:3)
  A worker ant (D:4)
  A hound skeleton (D:5)
  10 adders
  An adder skeleton (D:4)
  5 worms
  5 leopard geckos
  18 orcs
  6 giant cockroaches
  8 goblins
  5 hobgoblins
  3 jackals (D:4)
  11 kobolds
  A quokka (D:3)
  A ball python (D:3)
  5 bats
  4 frilled lizards
  A leopard gecko skeleton (D:4)
  A leopard gecko zombie (D:5)
  5 rats
105 creatures vanquished.

Vanquished Creatures (others)
  5 plants (D:4)
5 creatures vanquished.

Grand Total: 110 creatures vanquished

Notes
Turn   | Place    | Note
-------+----------+-------------------------------------------
     0 | D:1      | MisterFreud the Octopode Gladiator began the quest for the
                  | Orb.
     0 | D:1      | Reached XP level 1. HP: 14/14 MP: 1/1
   221 | D:1      | Reached XP level 2. HP: 9/20 MP: 2/2
  1188 | D:2      | Found a white marble altar of Elyvilon.
  1265 | D:2      | Noticed a +0 hand axe
  1265 | D:2      | Noticed a +0 hand axe
  1267 | D:2      | Found a hide-covered altar of Uskayaw.
  1301 | D:2      | Reached XP level 3. HP: 24/26 MP: 3/3
  1827 | D:2      | Found an ancient bone altar of Kikubaaqudgha.
  1912 | D:2      | Reached XP level 4. HP: 22/33 MP: 4/4
  2869 | D:3      | Found a bloodstained altar of Trog.
  2876 | D:3      | Reached XP level 5. HP: 37/37 MP: 5/5
  2903 | D:3      | Found a faded altar of an unknown god.
  2989 | D:3      | Noticed Natasha
  2992 | D:3      | Killed Natasha
  3159 | D:3      | Noticed Natasha
  3173 | D:3      | Killed Natasha
  3173 | D:3      | Reached skill level 5 in Long Blades
  3308 | D:3      | Reached XP level 6. HP: 31/43 MP: 6/6
  3443 | D:3      | Noticed Natasha
  3455 | D:3      | Killed Natasha
  3722 | D:4      | Identified the Catalogue of Frigorific Battle Magic
  3757 | D:4      | Noticed Sigmund
  3762 | D:4      | Killed Sigmund
  3762 | D:4      | Reached skill level 4 in Dodging
  3833 | D:4      | Reached XP level 7. HP: 48/48 MP: 7/7
  3913 | D:4      | Noticed Edmund
  3921 | D:4      | Killed Edmund
  3921 | D:4      | Reached skill level 5 in Dodging
  3957 | D:4      | Noticed tilp's ghost (amateur KoAM)
  4003 | D:4      | Found a shimmering blue altar of Sif Muna.
  4009 | D:4      | Found a stormy altar of Qazlal.
  4012 | D:4      | Noticed an air elemental
  4012 | D:4      | Noticed a fire elemental
  4012 | D:4      | Noticed a water elemental
  4279 | D:4      | Found a transporter.
  4282 | D:4      | Found a transporter.
  4522 | D:5      | Entered Level 5 of the Dungeon
  4536 | D:5      | Noticed Eustachio
  4546 | D:5      | Killed Eustachio
  4546 | D:5      | Reached skill level 6 in Dodging
  4740 | D:5      | Found a staircase to the Ecumenical Temple.
  4750 | D:5      | Reached XP level 8. HP: 54/54 MP: 8/8
  4760 | Temple   | Entered the Ecumenical Temple
  5075 | D:5      | Reached skill level 7 in Dodging
  5355 | D:5      | Slain by a sky beast

Illustrated notes

Levels and vault maps discovered:
D:1:      dpeg_arrival_orchard, layout_basic
D:2:      minmay_alternating_diamond, layout_basic, elyvilon_altar_4,
          kiku_gazebo_pond_becter, dancing_weapons_uskayaw
D:3:      layout_loops_ring, lemuel_crystal_altar,
          chequers_ecumenical_altar_twisty, serial_rivers,
          chequers_serial_rivers_room_b, chequers_serial_rivers_room_b,
          chequers_serial_rivers_micro_b, chequers_serial_rivers_micro_b,
          chequers_serial_rivers_marsh, chequers_serial_rivers_room_a,
          first_ration, uniq_natasha
D:4:      layout_loops_corners, nicolae_overflow_hidden_temple,
          nicolae_qazlal_style_of_elements, gammafunk_ghost_gnarly_gnolls,
          uniq_edmund, uniq_sigmund
D:5:      layout_cave_pods, minmay_temple_entry_stoned_glass,
          ebering_ghost_disaster_area, uniq_eustachio
Temple:   jpeg_temple_island

Skill      XL: |  1  2  3  4  5  6  7  8 |
---------------+-------------------------+-----
Fighting       | 3 4 |  4.0
Long Blades    | 4 5 6 |  6.0
Dodging        | 4 6 7 |  7.1
Throwing       | |  2.0

Action                   |  1- 3 |  4- 6 |  7- 9 || total
-------------------------+-------+-------+-------++-------
Melee: Long sword        |    60 |    94 |    69 ||   223
       Constrict         |    21 |    35 |    19 ||    75
       Tentacles         |     8 |    20 |    22 ||    50
       Unarmed           |       |     5 |       ||     5
 Stab: Sleeping          |     4 |     4 |       ||     8
       Confused          |       |     1 |       ||     1
       Distracted        |       |       |     2 ||     2
  Eat: Chunk             |     3 |     6 |     5 ||    14
Armor: Skin              |     3 |     5 |     4 ||    12
Dodge: Dodged            |    40 |    70 |    51 ||   161
       Rpst.: Long sword |    14 |    20 |    14 ||    48

Table legend:
 A = Non-vault XP
 B = Vault XP
 C = Vault XP percentage of total XP
 D = Non-vault monster count
 E = Vault monster count
 F = Vault count percentage of total count
                 A         B        C        D         E       F
            +---------+---------+-------+---------+---------+-------
      Total |     720 |     606 |  45.7 |      97 |       8 |   7.6
            +---------+---------+-------+---------+---------+-------
        D:1 |      24 |       0 |   0.0 |      14 |       0 |   0.0
        D:2 |      76 |       8 |   9.5 |      19 |       4 |  17.4
        D:3 |     241 |      33 |  12.0 |      38 |       1 |   2.6
        D:4 |     194 |     377 |  66.0 |      16 |       2 |  11.1
        D:5 |     185 |     188 |  50.4 |      10 |       1 |   9.1
            +---------+---------+-------+---------+---------+-------
